 Dungeon Crawl Stone Soup version 0.32-a0-685-g93135e86f0 (webtiles) character file.

Game seed: 455302481938617622

240 Aldia the Apothecary (level 6, -6/38 (39) HPs)
             Began as an Octopode Alchemist on Mar 12, 2024.
             Was an Initiate of Gozag.
             Mangled by a wight
             ... wielding a +3 trident
              (16 damage)
             ... on level 4 of the Dungeon.
             The game lasted 00:06:34 (2663 turns).

Aldia the Apothecary (Octopode Alchemist)           Turns: 2663, Time: 00:06:35

HP:   -6/38 (39)    AC:  5    Str:  8    XL:     6   Next: 8%
MP:   3/10          EV: 13    Int: 19    God:    Gozag
Gold: 124           SH:  0    Dex: 18    Spells: 1/11 levels left

rFire   . . .        i - +1 dagger (venom)
rCold   . . .        (no shield)
rNeg    . . .        (helmet restricted)
rPois   +            (no amulet)
rElec   .            h - +4 ring of protection
rCorr   .            n - ring of Suspected Treachery {*Corrode rPois Dex+6 SInv}
SInv    +            (no ring)
Will    .....        (no ring)
Stlth   +++          (no ring)
HPRegen 0.26/turn    (no ring)
MPRegen 0.12/turn    (no ring)
                     (no ring)

%: corrode self (3%)
@: gold aura, lightly drained
A: almost no armour, amphibious, 8 rings, camouflage 1, gelatinous body 1,
(nimble swimmer 1), tentacles
a: Renounce Religion, Potion Petition, Call Merchant, Bribe Branch


You were on level 4 of the Dungeon.
You worshipped Gozag.
Gozag was aware of your devotion.
You visited 2 branches of the dungeon, and saw 5 of its levels.

You collected 271 gold pieces.
You spent 90 gold pieces at shops.
You paid 57 gold pieces to Gozag.

Inventory:

Hand Weapons
 i - a +1 dagger of venom (weapon)
Magical Staves
 b - a staff of fire
 l - a staff of alchemy
Jewellery
 h - a +4 ring of protection (left tentacle)
 n - the ring of Suspected Treachery (right tentacle) {*Corrode rPois Dex+6 SInv}
   (You found it on level 2 of the Dungeon)

   [ring of dexterity]

   Dex+6:     It affects your dexterity (+6).
   rPois:     It protects you from poison.
   SInv:      It lets you see invisible.
   *Corrode:  It may corrode you when you take damage.
Talismans
 k - a storm talisman
Wands
 u - a wand of iceblast (9)
 v - a wand of mindburst (3)
 w - a wand of digging (6)
Scrolls
 c - a scroll of enchant weapon
 e - a scroll of immolation {unknown}
 f - a scroll of revelation {unknown}
 g - a scroll of summoning
 o - a scroll of fear {unknown}
 p - a scroll of fog
 r - a scroll of noise
 s - a scroll of vulnerability
 t - 2 scrolls of amnesia
Potions
 a - a potion of magic
 d - 2 potions of curing
 j - 3 potions of enlightenment
 m - a potion of heal wounds
 q - a potion of invisibility


   Skills:
 + Level 2.2 Fighting
 + Level 2.1 Dodging
 - Level 3.0 Stealth
 + Level 3.0 Spellcasting
 - Level 2.0 Conjurations
 - Level 2.0 Air Magic
 * Level 4.8 Alchemy


You had one spell level left.
You knew the following spells:

 Your Spells              Type           Power      Damage    Failure   Level
a - Sting                 Conj/Alch      60%        1d6       3%          1
b - Mercury Vapours       Alch/Air       30%        N/A       5%          2
c - Mephitic Cloud        Conj/Alch/Air  14%        N/A       14%         3
d - Olgreb's Toxic Radia  Alch           21%        N/A       21%         4

Your spell library contained the following spells:

 Spells                   Type           Power      Damage    Failure   Level
 Sandblast                Erth           4%         2d4       16%         1
 Scorch                   Fire           4%         2d5       22%         2
 Stone Arrow              Conj/Erth      12%        3d7       30%         3
 Sticky Flame             Fire/Alch      12%        2d5       50%         4
 Brom's Barrelling Bould  Conj/Erth      6%         2d3       69%         4
 Flame Wave               Conj/Fire      6%         2d5       69%         4
 Cause Fear               Hex            1%         N/A       83%         4
 Fireball                 Conj/Fire      3%         3d4       95%         5
 Summon Cactus Giant      Summ           1%         N/A       100%        6
 Dragon's Call            Summ           1%         N/A       100%        9


Dungeon Overview and Level Annotations

Branches:
Dungeon (4/15)             Temple (1/1) D:4

Altars:
Ashenzari
Elyvilon
Gozag
Kikubaaqudgha
Makhleb
Nemelex Xobeh
Trog
Uskayaw
Yredelemnul
Zin

Shops:
D:3 ((**=


Innate Abilities, Weirdness & Mutations

You cannot wear most types of armour.
You are amphibious.
You can wear up to eight rings at the same time.
Your skin changes colour to match your surroundings (Stealth+).
Your rubbery body absorbs attacks. (AC +1, EV +1)
((You are camouflaged when in or above water. (Stealth+)))
You have tentacles for arms and can constrict up to eight enemies at once.


Message History

You constrict Ijyb.
You kill Ijyb!
You have reached level 6!
Unknown command.
Press: ? - help, v - describe, . - travel
Here: a wight, wielding a +3 trident and wearing a +0 robe The floor.
Aiming: Mindburst
Press: ? - help, Shift-Dir - straight line, f - wight
Aim: a wight, wielding a +3 trident and wearing a +0 robe (chance to affect: 64%)
The wight's mind is blasted!
An orc comes into view. It is wielding a +0 flail.
Unknown command.
Aiming: Mindburst
Press: ? - help, Shift-Dir - straight line, f/p - wight
Aim: a wight, wielding a +3 trident and wearing a +0 robe (severely damaged, chance to affect: 64%)
The wight struggles to resist.
The orc shouts!
The wight is distracted by your dazzling golden aura.
Unknown command.
The sting hits the wight but does no damage.
The wight is severely damaged.
The wight is no longer distracted by gold.
The wight hits you from afar with a +3 trident!
You feel drained.
The sting hits the wight.
The wight is severely damaged.
The wight misses you.
The sting hits the orc.
The orc is poisoned.
The orc is heavily wounded.
The orc hits you with a +0 flail.
The wight hits you from afar with a +3 trident!
The sting hits the orc.
The orc looks even sicker.
The orc is severely wounded.
You kill the orc!
The wight hits you from afar with a +3 trident!
* * * LOW HITPOINT WARNING * * *
The wight hits you with a +3 trident!
You die...
Your body crumbles into a pile of gold.

#...#..# #..###..##..
###...#..# #.#####.###.
......#..###.##........
#$..........>.........
#.......###..###......
###..#....#
#.#...###...
..........#
#........... ##...$..##
#########... #...z@.#
#... ........$# #...
###.#...## ......
#.....# ####.. .......#
#.. #..#+#.. #.. #..
#.. #.. #. #.. ....
####.


You could see a wight.

Vanquished Creatures
  A bombardier beetle (D:4)
  A jelly (D:4)
  Ijyb (D:4)
  An orc wizard (D:3)
  Terence (D:2)
  2 adders (D:2)
  2 dart slugs
  2 ribbon worms
  7 orcs
  5 endoplasms
  4 giant cockroaches (D:2)
  6 goblins
  9 hobgoblins
  7 jackals
  6 kobolds
  A quokka (D:3)
  6 ball pythons
  4 bats
  2 rats (D:1)
68 creatures vanquished.

Notes
Turn   | Place    | Note
-------+----------+-------------------------------------------
     0 | D:1      | Aldia the Octopode Alchemist began the quest for the Orb.
     0 | D:1      | Reached XP level 1. HP: 11/11 MP: 3/3
   136 | D:1      | Reached XP level 2. HP: 11/17 MP: 1/5
   279 | D:1      | Learned a level 2 spell: Mercury Vapours
   496 | D:1      | Reached XP level 3. HP: 22/22 MP: 6/6
   504 | D:1      | Reached skill level 4 in Alchemy
   637 | D:1      | Learned a level 3 spell: Mephitic Cloud
   703 | D:2      | Reached skill level 1 in Fighting
   831 | D:2      | Found a faded altar of an unknown god.
   894 | D:2      | Reached skill level 1 in Air Magic
   927 | D:2      | Reached XP level 4. HP: 28/28 MP: 7/7
   950 | D:2      | Identified the ring of Suspected Treachery {*Corrode rPois
                  | Dex+6 SInv}
  1022 | D:2      | Noticed Terence
  1026 | D:2      | Killed Terence
  1416 | D:3      | Found a sparkling altar of Nemelex Xobeh.
  1533 | D:3      | Found Jeez's Weapon Shoppe.
  1591 | D:3      | Found Hixiemei's General Store.
  1599 | D:3      | Bought a scroll of identify for 20 gold pieces
  1599 | D:3      | Bought a scroll of noise for 10 gold pieces
  1599 | D:3      | Bought a scroll of vulnerability for 40 gold pieces
  1599 | D:3      | Bought a scroll of identify for 20 gold pieces
  1618 | D:3      | Found Zabuhem's Jewellery Shop.
  1649 | D:3      | Found an opulent altar of Gozag.
  1916 | D:3      | Reached XP level 5. HP: 17/34 MP: 9/9
  1945 | D:3      | Became a worshipper of Gozag Ym Sagoz the Greedy
  2049 | D:3      | Found Solis's General Store.
  2282 | D:3      | Found a white marble altar of Elyvilon.
  2290 | D:3      | Found a hide-covered altar of Uskayaw.
  2340 | D:3      | Found Xoliaz's Weapon Boutique.
  2504 | D:4      | Found a staircase to the Ecumenical Temple.
  2511 | Temple   | Entered the Ecumenical Temple
  2614 | D:4      | Learned a level 4 spell: Olgreb's Toxic Radiance
  2647 | D:4      | Noticed Ijyb
  2656 | D:4      | Killed Ijyb
  2657 | D:4      | Reached XP level 6. HP: 39/39 MP: 6/10
  2663 | D:4      | Mangled by a wight

Illustrated notes

Levels and vault maps discovered:
D:1:      lemuel_arrival_hallway, layout_basic
D:2:      layout_loops_ring, hellmonk_ecumenical_altar_slurped_away,
          minmay_tiny_reverse_x, uniq_terence
D:3:      layout_loops_corners, mainiacjoe_overflow_six_doors_small,
          nemelex_dance_club_becter, minitemple, serial_shops,
          nicolae_shop_pleasant_corner_grove,
          nicolae_shop_competitors_out_of_business, nicolae_shop_trees,
          nicolae_shop_waterfront, nicolae_shop_crystal, st_stairs_1
D:4:      kennysheep_the_goblin_king, layout_loops_ring,
          hellmonk_sif_muna_bookshelves, kennysheep_mini_moat,
          minmay_temple_entry_grid, gammafunk_ghost_necromancy,
          nicolae_shop_i_like_big_books, kennysheep_generic_room_9,
          uniq_duvessa, uniq_ijyb
Temple:   hellmonk_temple_two_chambers

Skill      XL: |  1  2  3  4  5 |
---------------+----------------+-----
Stealth        | 3 |  3.0
Alchemy        | 4 |  4.8
Fighting       | 1 2 |  2.2
Air Magic      | 1 2 |  2.0
Conjurations   | 2 |  2.0
Spellcasting   | 3 |  3.0
Dodging        | |  2.1

Action                     |  1- 3 |  4- 6 || total
---------------------------+-------+-------++-------
  Melee: Staff             |    29 |       ||    29
         Constrict         |    17 |    16 ||    33
         Tentacles         |    11 |    10 ||    21
         Dagger            |    32 |    47 ||    79
   Cast: Sting             |    15 |     8 ||    23
         Mercury Vapours   |       |     1 ||     1
  Evoke: Wand              |       |     2 ||     2
    Use: Scroll            |     2 |     6 ||     8
   Stab: Sleeping          |     6 |    11 ||    17
 Armour: Skin              |    23 |    22 ||    45
  Dodge: Dodged            |    44 |    21 ||    65

Table legend: (Time is in decaauts)
 A = Elapsed time spent in this place.
 B = Non-inter-level travel time spent in this place.
 C = Inter-level travel time spent in this place.
 D = Time resting spent in this place.
 E = Time spent auto-exploring this place.
 F = Levels seen in this place.
 G = Mean time per level.
                   A        B        C        D        E       F      G
               +--------+--------+--------+--------+--------+-----+--------+
         Total |   2666 |   2564 |    102 |      0 |   2071 |   5 |  533.2 |
       Dungeon |   2664 |   2562 |    102 |      0 |   2071 |   4 |  666.0 |
        Temple |      1 |      1 |      0 |      0 |      0 |   1 |    1.0 |
               +--------+--------+--------+--------+--------+-----+--------+

Top non-repeatable levels by time:
     D:3: 1134 daAuts
     D:2: 714 daAuts
     D:1: 658 daAuts
     D:4: 157 daAuts
  Temple: 1 daAuts
